 Dungeon Crawl Stone Soup version 0.31-a0-177-g4aa6249778 (webtiles) character file.

Game seed: 5913673526321342809

515 qw the Shooter (level 7, -13/66 HPs)
             Began as a Naga Hunter on June 18, 2023.
             Killed by divine providence
             ... invoked by an orc priest
              (15 damage)
             ... on level 5 of the Dungeon.
             The game lasted 00:01:53 (3384 turns).

qw the Shooter (Naga Hunter)                        Turns: 3384, Time: 00:01:54

Health: -13/66     AC:  8    Str: 13    XL:     7   Next: 20%
Magic:  7/7        EV:  9    Int: 10    God:
Gold:   291        SH:  0    Dex: 16    Spells: 6/6 levels left

rFire   . . .        Y - +2 shortbow
rCold   + . .        (shield currently unavailable)
rNeg    . . .        c - +0 leather armour
rPois   +            (no helmet)
rElec   .            a - +0 cloak
rCorr   .            (no gloves)
SInv    +            (no barding)
Will    .....        (no amulet)
Stlth   ++           f - +4 ring of protection
HPRegen 0.31/turn    g - ring of protection from cold
MPRegen 0.10/turn

%: no passive effects
@: about to teleport, short of breath, marked, very slow
A: AC +2, large, see invisible, deformed body, poison resistance, slowness 2,
spit poison 1, naga tail 1
a: Spit Poison


You were on level 5 of the Dungeon.
You visited 1 branch of the dungeon, and saw 5 of its levels.
You also visited: Sewer.

You collected 291 gold pieces.


Innate Abilities, Weirdness & Mutations

Your serpentine skin is tough. (AC +2)
You have supernaturally acute eyesight. (SInv)
Armour fits poorly on your strangely shaped body.
Your system is resistant to poisons. (rPois)
You cover ground very slowly.
You can spit poison.
You have a snake-like lower body.


   Skills:
 - Level 4.3 Fighting
 + Level 6.8 Ranged Weapons
 - Level 1.5 Dodging
 - Level 1.5 Stealth


You had 6 spell levels left.
You didn't know any spells.
Your spell library was empty.

Inventory:

Hand Weapons
 Y - a +2 shortbow (weapon)
Armour
 a - a +0 cloak (worn)
 c - a +0 leather armour (worn)
Jewellery
 f - a +4 ring of protection (left hand)
 g - a ring of protection from cold (right hand)
Scrolls
 d - a scroll of identify
 e - 6 scrolls of teleportation
Potions
 b - a potion of might
 h - a potion of haste {unknown}
 i - a potion of curing
 k - a potion of cancellation {unknown}

Dungeon Overview and Level Annotations

Branches:
Dungeon (5/15)              Sewer (visited)
 Temple: D:4-7

Altars:
Elyvilon
Wu Jian

Shops:
D:1 (

Annotations:
D:3 4 runed translucent doors, Crazy Yiuf; qw's ghost, amateur GrHu
D:5 Menkaure


Message History

The gnoll closely misses you. The gnoll barely misses you.
The gnoll bouda calls upon its god to heal the gnoll.
The gnoll's wounds heal themselves!
A sleepcap comes into view.
Menkaure gestures wildly while chanting.
Menkaure seems to speed up.
You shoot an arrow. The arrow hits the gnoll bouda.
You kill the gnoll bouda!
The gnoll is no longer moving quickly.
The gnoll barely misses you.
The gnoll hits you from afar with a +0 halberd.
Menkaure calls on the powers of darkness!
The dart slug convulses!
The gnoll convulses! x3
Your body is wracked with pain!
The gnoll hits you but does no damage. The gnoll barely misses you.
You shoot an arrow. The arrow closely misses the gnoll.
The arrow hits the dart slug.
The dart slug is almost dead.
You have got your breath back.
An orc priest comes into view. It is wielding a +0 flail.
The gnoll barely misses you.
The gnoll hits you from afar with a +0 spear!
The gnoll closely misses you.
The orc priest mumbles some strange prayers to Beogh against you.
Beogh smites you!
3383 ||| READING 7 scrolls of teleportation.
As you read the scroll of teleportation, it crumbles to dust.
You feel strangely unstable.
Your attacks no longer feel as feeble.
The gnoll barely misses you. The gnoll closely misses you.
The gnoll barely misses you.
3384 ||| INVOKING Spit Poison.
Aiming: Spit Poison (1% risk of failure)
Press: ? - help, Shift-Dir - straight line, f/p - gnoll The splash of poison hits the gnoll!
The gnoll is poisoned.
You kill the gnoll!
The gnoll barely misses you.
The gnoll hits you from afar with a +0 halberd.
The orc priest mumbles some strange prayers to Beogh against you.
Beogh smites you!
You die...

#.####.. #.# ###.
###########.###...
#..........###...#
#o##########~~...~
#.# #~..7.. #.#
#....... #.#
....7._.7 #@#
.#....... #w# ##
..7..


g.g ~...~ .fM## #.>.. #..## #.. ... You could see a sleepcap, Menkaure (fast),
an orc priest, 2 gnolls and a dart slug.

Vanquished Creatures
  2 bullfrogs (Sewer)
  A gnoll bouda (D:5)
  An iguana (D:4)
  Terence (D:3)
  3 orc wizards
  3 river rats (Sewer)
  11 adders
  A gnoll (D:5)
  2 worms (D:2)
  3 dart slugs
  4 orcs
  20 ball pythons
  3 endoplasms
  3 giant cockroaches
  4 hobgoblins
  2 jackals (D:4)
  7 kobolds
  8 quokkas
  2 bats
  6 frilled lizards
  5 goblins
  24 rats
116 creatures vanquished.

Notes
Turn   | Place    | Note
-------+----------+-------------------------------------------
     0 | D:1      | qw the Naga Hunter began the quest for the Orb.
     0 | D:1      | Reached XP level 1. HP: 19/19 MP: 1/1
     0 | D:1      | 0 ||| qw: Version: 0.3-a-7-ge0c9b40
     0 | D:1      | 0 ||| qw: Game counter: 840
     0 | D:1      | 0 ||| qw: Always use a shield: true
     0 | D:1      | 0 ||| qw: God list: Okawaru
     0 | D:1      | 0 ||| qw: Allow faded altars: false
     0 | D:1      | 0 ||| qw: Do Orc after D:15 true
     0 | D:1      | 0 ||| qw: Do second Lair branch before Depths: true
     0 | D:1      | 0 ||| qw: Lair rune preference: random
     0 | D:1      | 0 ||| qw: Plans: Normal
     0 | D:1      | 0 ||| PLANNING D:1-11
    26 | D:1      | 26 ||| INVOKING Spit Poison.
    47 | D:1      | 47 ||| INVOKING Spit Poison.
    50 | D:1      | 50 ||| INVOKING Spit Poison.
    53 | D:1      | 53 ||| INVOKING Spit Poison.
   212 | D:1      | 212 ||| INVOKING Spit Poison.
   213 | D:1      | Reached skill level 4 in Ranged Weapons
   213 | D:1      | Reached XP level 2. HP: 26/26 MP: 2/2
   237 | D:1      | 237 ||| INVOKING Spit Poison.
   257 | D:1      | 257 ||| INVOKING Spit Poison.
   262 | D:1      | Found Xenonkil's Antique Weapon Boutique.
   268 | D:1      | 268 ||| INVOKING Spit Poison.
   313 | D:1      | 313 ||| INVOKING Spit Poison.
   344 | D:1      | 344 ||| INVOKING Spit Poison.
   382 | D:1      | 382 ||| INVOKING Spit Poison.
   396 | D:1      | 396 ||| INVOKING Spit Poison.
   409 | D:1      | 409 ||| INVOKING Spit Poison.
   432 | D:1      | 432 ||| INVOKING Spit Poison.
   435 | D:1      | 435 ||| INVOKING Spit Poison.
   463 | D:1      | 463 ||| INVOKING Spit Poison.
   709 | D:1      | 709 ||| READING scroll labelled ARIWKASTACLI.
   710 | D:1      | 710 ||| READING 3 scrolls labelled WAUPTI QUBBE.
   715 | D:1      | 715 ||| READING scroll labelled QUHYDD JOZOESI.
   716 | D:1      | 716 ||| READING scroll labelled JONIUTWEMP.
   717 | D:1      | 717 ||| DROPPING scroll of butterflies.
   742 | D:2      | 742 ||| INVOKING Spit Poison.
   751 | D:2      | Reached XP level 3. HP: 32/32 MP: 3/3
   775 | D:2      | 775 ||| INVOKING Spit Poison.
   785 | D:2      | 785 ||| INVOKING Spit Poison.
   791 | D:2      | 791 ||| INVOKING Spit Poison.
   894 | D:2      | 894 ||| INVOKING Spit Poison.
  1001 | D:2      | 1001 ||| INVOKING Spit Poison.
  1090 | D:2      | 1090 ||| INVOKING Spit Poison.
  1149 | D:2      | 1149 ||| INVOKING Spit Poison.
  1342 | D:2      | 1342 ||| READING 2 scrolls labelled TIPNAI XUSCH.
  1343 | D:2      | 1343 ||| READING 2 scrolls labelled QIAC LITERAXA.
  1344 | D:2      | 1344 ||| DRINKING 4 metallic emerald potions.
  1345 | D:2      | 1345 ||| DROPPING scroll of fog.
  1346 | D:2      | 1346 ||| DROPPING 3 potions of degeneration.
  1385 | D:3      | 1385 ||| PLANNING SEWER
  1385 | D:3      | 1385 ||| INVOKING Spit Poison.
  1389 | D:3      | 1389 ||| STAIRDANCE
  1391 | D:2      | 1391 ||| INVOKING Spit Poison.
  1397 | D:2      | Reached skill level 5 in Ranged Weapons
  1397 | D:2      | Reached XP level 4. HP: 33/39 MP: 4/4
  1498 | D:3      | Noticed Terence
  1500 | D:3      | 1500 ||| INVOKING Spit Poison.
  1502 | D:3      | Killed Terence
  1506 | D:3      | 1506 ||| INVOKING Spit Poison.
  1528 | D:3      | 1528 ||| INVOKING Spit Poison.
  1557 | D:3      | Found a runed translucent door.
  1558 | D:3      | Noticed Crazy Yiuf
  1619 | D:3      | Found a runed translucent gate.
  1621 | D:3      | Noticed qw's ghost (amateur GrHu)
  1627 | D:3      | Found a runed translucent gate.
  1627 | D:3      | Found a runed translucent gate.
  1630 | D:3      | Noticed a kobold brigand
  1652 | D:3      | 1652 ||| INVOKING Spit Poison.
  1669 | D:3      | Reached skill level 3 in Fighting
  1669 | D:3      | Found an ornate altar of the Wu Jian Council.
  1672 | D:3      | 1672 ||| INVOKING Spit Poison.
  1677 | D:3      | 1677 ||| INVOKING Spit Poison.
  1708 | D:3      | 1708 ||| INVOKING Spit Poison.
  1712 | D:3      | 1712 ||| INVOKING Spit Poison.
  1816 | D:3      | 1816 ||| INVOKING Spit Poison.
  1817 | D:3      | Reached XP level 5. HP: 49/49 MP: 5/5
  1872 | D:3      | Found a glowing drain.
  1873 | D:3      | 1873 ||| UPGRADING to +0 cloak.
  1878 | D:3      | 1878 ||| UPGRADING to +4 ring of protection.
  1879 | D:3      | 1879 ||| DRINKING 2 dark potions.
  1880 | D:3      | 1880 ||| DRINKING 4 emerald potions.
  1925 | D:3      | 1925 ||| READING 3 scrolls of identify.
  1925 | D:3      | 1925 ||| IDENTIFYING smoky pink potion
  1926 | D:3      | 1926 ||| READING 2 scrolls of identify.
  1926 | D:3      | 1926 ||| IDENTIFYING lumpy purple potion
  1927 | D:3      | 1927 ||| DROPPING potion of magic.
  1928 | D:3      | 1928 ||| DROPPING 3 potions of lignification.
  1932 | Sewer    | Entered a sewer
  1948 | Sewer    | 1948 ||| INVOKING Spit Poison.
  1951 | Sewer    | 1951 ||| INVOKING Spit Poison.
  1961 | Sewer    | 1961 ||| INVOKING Spit Poison.
  1966 | Sewer    | 1966 ||| INVOKING Spit Poison.
  2001 | Sewer    | 2001 ||| INVOKING Spit Poison.
  2005 | Sewer    | 2005 ||| INVOKING Spit Poison.
  2010 | Sewer    | 2010 ||| INVOKING Spit Poison.
  2017 | Sewer    | 2017 ||| INVOKING Spit Poison.
  2022 | Sewer    | 2022 ||| INVOKING Spit Poison.
  2026 | Sewer    | 2026 ||| INVOKING Spit Poison.
  2048 | Sewer    | 2048 ||| INVOKING Spit Poison.
  2063 | Sewer    | 2063 ||| INVOKING Spit Poison.
  2075 | Sewer    | 2075 ||| INVOKING Spit Poison.
  2079 | Sewer    | 2079 ||| INVOKING Spit Poison.
  2084 | Sewer    | 2084 ||| INVOKING Spit Poison.
  2085 | Sewer    | Reached skill level 6 in Ranged Weapons
  2099 | Sewer    | 2099 ||| INVOKING Spit Poison.
  2100 | Sewer    | Reached XP level 6. HP: 56/56 MP: 6/6
  2103 | Sewer    | 2103 ||| INVOKING Spit Poison.
  2111 | Sewer    | 2111 ||| READING scroll of enchant weapon.
  2111 | Sewer    | 2111 ||| ENCHANTING +1 shortbow.
  2134 | Sewer    | 2134 ||| INVOKING Spit Poison.
  2138 | Sewer    | 2138 ||| INVOKING Spit Poison.
  2141 | Sewer    | 2141 ||| INVOKING Spit Poison.
  2148 | Sewer    | 2148 ||| INVOKING Spit Poison.
  2154 | Sewer    | 2154 ||| INVOKING Spit Poison.
  2161 | Sewer    | 2161 ||| INVOKING Spit Poison.
  2166 | Sewer    | 2166 ||| INVOKING Spit Poison.
  2260 | Sewer    | 2260 ||| READING scroll labelled NAOCWUIPYWA.
  2261 | Sewer    | 2261 ||| READING scroll labelled ITOCLI DESK.
  2265 | D:3      | 2265 ||| PLANNING D:1-11
  2810 | D:4      | 2810 ||| INVOKING Spit Poison.
  2919 | D:4      | 2919 ||| INVOKING Spit Poison.
  2929 | D:4      | 2929 ||| INVOKING Spit Poison.
  2982 | D:4      | 2982 ||| INVOKING Spit Poison.
  2992 | D:4      | 2992 ||| INVOKING Spit Poison.
  2996 | D:4      | 2996 ||| INVOKING Spit Poison.
  3002 | D:4      | 3002 ||| INVOKING Spit Poison.
  3005 | D:4      | Reached XP level 7. HP: 66/66 MP: 7/7
  3061 | D:4      | 3061 ||| INVOKING Spit Poison.
  3066 | D:4      | 3066 ||| INVOKING Spit Poison.
  3282 | D:4      | 3282 ||| INVOKING Spit Poison.
  3305 | D:4      | 3305 ||| UPGRADING to ring of protection from cold.
  3320 | D:5      | Entered Level 5 of the Dungeon
  3334 | D:5      | Found a white marble altar of Elyvilon.
  3365 | D:5      | 3365 ||| INVOKING Spit Poison.
  3368 | D:5      | 3368 ||| INVOKING Spit Poison.
  3373 | D:5      | 3373 ||| DRINKING 2 potions of curing.
  3373 | D:5      | 3373 ||| (to cure confusion)
  3375 | D:5      | 3375 ||| INVOKING Spit Poison.
  3376 | D:5      | 3376 ||| INVOKING Spit Poison.
  3378 | D:5      | Noticed Menkaure
  3380 | D:5      | 3380 ||| INVOKING Spit Poison.
  3382 | D:5      | HP: 7/66 [orc priest/divine providence (11)]
  3383 | D:5      | 3383 ||| READING 7 scrolls of teleportation.
  3384 | D:5      | 3384 ||| INVOKING Spit Poison.
  3384 | D:5      | HP: 2/66 [gnoll/+0 halberd[a gnoll bouda] (5)]
  3384 | D:5      | Killed from afar by an orc priest

Levels and vault maps discovered:
D:1:      minmay_arrival_solitary_statue, layout_loops_ring, serial_shops, shop,
          serial_bayou_pond_e
D:2:      layout_loops_ring
D:3:      layout_rooms, mainiacjoe_overflow_brackets,
          gammafunk_ghost_nasty_kobolds, gup_sewer_entry_bowl,
          uniq_crazy_yiuf_cottage, uniq_terence
D:4:      layout_basic, nicolae_letterblocks [nicolae_letter_subblock,
          nicolae_letter_subblock, nicolae_letter_subblock,
          nicolae_letter_subblock, nicolae_letter_subblock,
          nicolae_letter_subblock, nicolae_letter_subblock,
          nicolae_letter_subblock, nicolae_letter_subblock,
          nicolae_letter_subblock, nicolae_letter_subblock,
          nicolae_letter_subblock, nicolae_letter_subblock,
          nicolae_letter_subblock, nicolae_letter_subblock,
          nicolae_letter_subblock, nicolae_letter_subblock,
          nicolae_letter_subblock, nicolae_letter_subblock,
          nicolae_letter_subblock, nicolae_letter_subblock,
          nicolae_letter_subblock, nicolae_letter_subblock,
          nicolae_letter_subblock, nicolae_letter_subblock]
D:5:      layout_loops_ring, vehumet_statue, elyvilon_altar_4, uniq_duvessa,
          uniq_pikel, uniq_menkaure, uniq_sigmund

Skill      XL: |  1  2  3  4  5  6 |
---------------+-------------------+-----
Ranged Weapons | 4 5 6 |  6.8
Fighting       | 3 4 |  4.3
Dodging        | |  1.5
Stealth        | |  1.5

Action                     |  1- 3 |  4- 6 |  7- 9 || total
---------------------------+-------+-------+-------++-------
   Fire: Shortbow          |    52 |   128 |    19 ||   199
Ability: Spit Poison       |    26 |    40 |     8 ||    74
    Use: Scroll            |     6 |     5 |     1 ||    12
         Potion            |     1 |     2 |     1 ||     4
 Armour: Leather armour    |     2 |    69 |     7 ||    78
  Dodge: Dodged            |    21 |    60 |    23 ||   104

Table legend:
 A = Non-vault XP
 B = Vault XP
 C = Vault XP percentage of total XP
 D = Non-vault monster count
 E = Vault monster count
 F = Vault count percentage of total count
                 A         B        C        D         E       F
            +---------+---------+-------+---------+---------+-------
      Total |     352 |     396 |  52.9 |      62 |      54 |  46.6
            +---------+---------+-------+---------+---------+-------
        D:1 |      31 |       0 |   0.0 |      16 |       0 |   0.0
        D:2 |      58 |       0 |   0.0 |      17 |       0 |   0.0
        D:3 |      42 |      39 |  48.1 |      11 |       3 |  21.4
        D:4 |      96 |       0 |   0.0 |      13 |       0 |   0.0
        D:5 |     125 |       0 |   0.0 |       5 |       0 |   0.0
      Sewer |       0 |     357 | 100.0 |       0 |      51 | 100.0
            +---------+---------+-------+---------+---------+-------
